 Dungeon Crawl Stone Soup version 0.30.1-9-gdf580d7c3d (webtiles) character file.

Game seed: 10828226563649786691

1285 safid the Chiller (level 8, 0/85 HPs)
             Began as a Merfolk Ice Elementalist on Oct 3, 2023.
             Slain by an orc warrior
             ... wielding a +0 morningstar
              (10 damage)
             ... on level 7 of the Dungeon.
             The game lasted 00:12:05 (6518 turns).

safid the Chiller (Merfolk Ice Elementalist)        Turns: 6518, Time: 00:12:06

Health: 0/85       AC: 30    Str: 11 (13) XL:     8   Next: 55%
Magic:  2/15       EV:  2    Int: 14 (16) God:
Gold:   386        SH:  0    Dex: 12 (14) Spells: 9/16 levels left

rFire   . . .        n - +1 whip (venom)
rCold   . . .        (no shield)
rNeg    . . .        a - melded +0 robe
rPois   +            (helmet currently unavailable)
rElec   .            (cloak currently unavailable)
rCorr   +            (gloves currently unavailable)
SInv    +            s - melded +0 pair of boots
Will    +....        (no amulet)
Stlth   +++          u - ring of see invisible
HPRegen 0.34/turn    w - ring of the Tired Dances {Will+ rCorr Str+4}
MPRegen 0.14/turn

%: no passive effects
@: ice-armoured, tree-form, hasted, very quick
A: stationary, stasis, torment immunity, boosted hp, (nimble swimmer 2),
(mertail)
a: no special abilities


You were on level 7 of the Dungeon.
You were a tree.
You visited 2 branches of the dungeon, and saw 8 of its levels.

You collected 386 gold pieces.

Inventory:

Hand Weapons
 n - a +1 whip of venom (weapon)
 y - the +1 quarterstaff of Logoarup {freeze, Str+3}
   (You found it on level 6 of the Dungeon)

   Str:       It affects your strength (+3).
Missiles
 v - a throwing net
Armour
 a - a +0 robe (melded)
 s - a +0 pair of boots (melded)
Jewellery
 u - a ring of see invisible (left branch)
 w - the ring of the Tired Dances (right branch) {Will+ rCorr Str+4}
   (You found it on level 4 of the Dungeon)

   [ring of willpower]

   Str:       It affects your strength (+4).
   rCorr:     It protects you from acid and corrosion.
   Will:      It increases your willpower.
Scrolls
 f - 2 scrolls of blinking
 g - a scroll of torment {unknown}
 h - a scroll of brand weapon
 j - 3 scrolls of identify
 m - a scroll of magic mapping {unknown}
 o - 2 scrolls of teleportation {unknown}
 p - 2 scrolls of enchant armour
 x - a scroll of noise {unknown}
 z - a scroll of fog {unknown}
 A - a scroll of vulnerability {unknown}
Potions
 b - a potion of magic
 c - 3 potions of flight
 d - 3 potions of degeneration
 e - a potion of ambrosia {unknown}
 k - a potion of heal wounds {unknown}
 l - a potion of curing {unknown}
 q - a potion of attraction {unknown}
 r - a potion of lignification
 t - a potion of resistance {unknown}
 C - a potion of might {unknown}


   Skills:
 + Level 2.7 Fighting
 + Level 7.0 Dodging
 - Level 5.3 Stealth
 + Level 4.9 Spellcasting
 + Level 7.1 Ice Magic


You had 9 spell levels left.
You knew the following spells:

 Your Spells              Type           Power      Damage    Failure   Level
a - Freeze                Ice            92%        1d9       1%          1
b - Frozen Ramparts       Ice            46%        1d7       2%          3
c - Ozocubu's Armour      Ice            23%        N/A       2%          3

Your spell library contained the following spells:

 Spells                   Type           Power      Damage    Failure   Level
 Ensorcelled Hibernation  Hex/Ice        26%        N/A       6%          2
 Magic Dart               Conj           12%        1d3       19%         1
 Passwall                 Tmut/Erth      2%         N/A       26%         2
 Searing Ray              Conj           6%         2d4       26%         2
 Sublimation of Blood     Necr           3%         N/A       26%         2
 Wereblood                Tmut           3%         N/A       26%         2
 Summon Ice Beast         Ice/Summ       13%        N/A       38%         4
 Inner Flame              Hex/Fire       3%         N/A       47%         3
 Swiftness                Air            3%         N/A       47%         3
 Fulminant Prism          Conj/Hex       1%         3d5       87%         4
 Olgreb's Toxic Radiance  Pois           3%         N/A       87%         4
 Yara's Violent Unravell  Hex/Tmut       1%         3d3       99%         5
 Enfeeble                 Hex            1%         N/A       100%        7
 Summon Hydra             Summ           1%         N/A       100%        7
 Discord                  Hex            1%         N/A       100%        8
 Ignition                 Fire           1%         3d3       100%        8


Dungeon Overview and Level Annotations

Branches:
Dungeon (7/15)             Temple (1/1) D:6

Altars:
Dithmenos
Elyvilon
Gozag
Hepliaklqana
Kikubaaqudgha
Nemelex Xobeh
Okawaru
Qazlal
Ru
Sif Muna
Uskayaw
Wu Jian
Xom
Zin

Shops:
D:2 :


Innate Abilities, Weirdness & Mutations

You are a tree.
Your roots penetrate the ground, keeping you stationary.
You cannot be teleported.
You are immune to unholy pain and torment.
Your maximum health is greatly increased.
Your equipment is partially melded.
((You are very nimble when in or above water. (Stealth+, EV+, Speed+++)))
((Your lower body shifts to a powerful aquatic tail in water.))


Message History

* * * LOW HITPOINT WARNING * * *
The phantom hits you.
* * * LOW HITPOINT WARNING * * *
An orc comes into view. It is wielding a +0 club.
Unknown command.
Casting: Frozen Ramparts (mildly dangerous; 2% risk of failure)
Confirm with . or Enter, or press ? or * to list all spells.
A film of ice covers your body!
The orc warrior hits you but does no damage.
The phantom hits you but does no damage.
The gnoll hits you but does no damage.
You feel sick.
The centaur unwields a +0 shortbow.
The centaur hits you but does no damage.
The centaur kicks you but does no damage.
Unknown command.
You hit the orc warrior but do no damage.
You feel sick.
You are no longer poisoned.
The orc warrior hits you but does no damage.
The phantom hits you but does no damage.
The gnoll hits you but does no damage.
An orc comes into view. It is wielding a +0 mace.
The centaur hits you.
* * * LOW HITPOINT WARNING * * *
The centaur kicks you but does no damage.
You hit the centaur but do no damage.
The centaur is heavily wounded.
The centaur looks more healthy.
The centaur hits you but does no damage.
The centaur kicks you but does no damage.
The orc warrior hits you but does no damage.
The phantom hits you but does no damage.
The gnoll hits you but does no damage.
You barely miss the centaur.
The centaur is severely wounded.
The centaur hits you but does no damage.
The centaur kicks you but does no damage.
The phantom hits you but does no damage.
The orc warrior hits you with a +0 morningstar!
You die...

# ###### #.
#...W#
...#####..♣.#
..........Ooc#
........g...# .
#.......o...#
#.##........####
............###
$..........o...
#........###
#.....).##


You could see a two-headed ogre, an orc warrior, a phantom, a centaur, a gnoll
and 2 orcs.

Vanquished Creatures
  Edmund (D:6)
  Menkaure (D:5)
  A black bear (D:7)
  An ogre (D:5)
  A centaur (D:5)
  2 scorpions
  A jelly (D:6)
  4 hounds
  2 orc priests
  A gnoll bouda (D:4)
  A sleepcap (D:7)
  Natasha (thrice) (D:3)
  An orc wizard (D:2)
  12 adders
  10 gnolls
  A white imp (D:5)
  2 ufetubi
  3 worms
  2 dart slugs
  10 orcs
  6 endoplasms
  7 giant cockroaches
  4 goblins
  4 hobgoblins
  6 quokkas
  5 ball pythons
  6 bats
  A frilled lizard (D:3)
  6 kobolds
  10 rats
115 creatures vanquished.

Notes
Turn   | Place    | Note
-------+----------+-------------------------------------------
     0 | D:1      | safid the Merfolk Ice Elementalist began the quest for the
                  | Orb.
     0 | D:1      | Reached XP level 1. HP: 13/13 MP: 3/3
   315 | D:1      | Reached XP level 2. HP: 19/19 MP: 0/5
  1148 | D:2      | Found a glowing silver altar of Zin.
  1204 | D:2      | Found Wijiv's Book Shop.
  1261 | D:2      | Reached XP level 3. HP: 16/24 MP: 3/6
  1265 | D:2      | Learned a level 3 spell: Frozen Ramparts
  1853 | D:2      | Reached XP level 4. HP: 21/30 MP: 2/7
  1864 | D:2      | Reached skill level 5 in Ice Magic
  1868 | D:2      | Learned a level 3 spell: Ozocubu's Armour
  2179 | D:3      | Noticed Natasha
  2195 | D:3      | Killed Natasha
  2196 | D:3      | Reached XP level 5. HP: 9/35 MP: 9/9
  2446 | D:3      | Noticed Natasha
  2456 | D:3      | Killed Natasha
  2545 | D:3      | Noticed Natasha
  2546 | D:3      | Found a faded altar of an unknown god.
  2554 | D:3      | Killed Natasha
  2555 | D:3      | Reached XP level 6. HP: 29/41 MP: 3/10
  2617 | D:3      | Found a hazy altar of Hepliaklqana.
  2619 | D:3      | Found a faded altar of an unknown god.
  2713 | D:3      | Found an ancient bone altar of Kikubaaqudgha.
  2723 | D:3      | Found a sparkling altar of Nemelex Xobeh.
  3258 | D:4      | Found an iron altar of Okawaru.
  3454 | D:4      | Reached skill level 5 in Dodging
  3656 | D:4      | Found a sacrificial altar of Ru.
  3735 | D:4      | Identified the ring of the Tired Dances {Will+ rCorr Str+4}
  4068 | D:4      | Found a hide-covered altar of Uskayaw.
  4109 | D:5      | Entered Level 5 of the Dungeon
  4173 | D:5      | Reached XP level 7. HP: 40/46 MP: 12/12
  4259 | D:5      | Noticed Menkaure
  4267 | D:5      | Reached skill level 5 in Stealth
  4324 | D:5      | Killed Menkaure
  4893 | D:5      | Reached skill level 1 in Fighting
  4893 | D:5      | Reached XP level 8. HP: 41/54 MP: 8/14
  5111 | D:6      | Identified the +1 quarterstaff of Logoarup {freeze, Str+3}
  5541 | D:6      | Noticed Edmund
  5602 | D:6      | Killed Edmund
  6136 | D:6      | Found a staircase to the Ecumenical Temple.
  6318 | Temple   | Entered the Ecumenical Temple
  6512 | D:7      | Noticed a two-headed ogre
  6518 | D:7      | Slain by an orc warrior

Illustrated notes

Levels and vault maps discovered:
D:1:      dpeg_arrival_connections, layout_loops_corners,
          nicolae_figureground_sparkle
D:2:      cheibrodos_pilgrimage, layout_basic, basic_altar, serial_shops, shop
D:3:      layout_loops_ring, nicolae_overflow_crystal_walls,
          nemelex_xobeh_ov_fountains_minmay,
          nicolae_hepliaklqana_ecumenical_no_more, grunt_decor_mini_mirrors,
          uniq_natasha
D:4:      layout_basic, mainiacjoe_overflow_alcove_4,
          kennysheep_okawaru_gauntlet, mainiacjoe_overflow_catwalk
D:5:      layout_cave_pools, item_on_display_a, uniq_menkaure
D:6:      layout_loops_ring, minmay_temple_entry_gardened_gates,
          nicolae_half_adder, uniq_edmund
D:7:      layout_rooms, mainiacjoe_overflow_tiny_flanked,
          gammafunk_temple_overflow_forgotten, minmay_misc_feat_x
Temple:   nicolae_temple_superstar

Skill      XL: |  1  2  3  4  5  6  7  8 |
---------------+-------------------------+-----
Dodging        | 3 4 5 6 7 |  7.0
Stealth        | 3 4 5 |  5.3
Ice Magic      | 5 6 7 |  7.1
Spellcasting   | 3 4 |  4.9
Fighting       | 1 2 |  2.7

Action                     |  1- 3 |  4- 6 |  7- 9 || total
---------------------------+-------+-------+-------++-------
  Melee: Short sword       |    50 |       |       ||    50
         Whip              |     6 |   135 |    70 ||   211
         Punch             |       |     2 |     4 ||     6
   Cast: Freeze            |    35 |       |     5 ||    40
         Frozen Ramparts   |     3 |     9 |    23 ||    35
         Ozocubu's Armour  |       |     5 |    19 ||    24
    Use: Scroll            |       |       |     6 ||     6
         Potion            |       |       |     3 ||     3
   Stab: Sleeping          |     5 |     4 |       ||     9
 Armour: Robe              |    14 |    16 |    35 ||    65
         Skin              |       |       |    26 ||    26
  Dodge: Dodged            |    44 |   124 |    90 ||   258
